Workbook
Name AbaDeprec: '5. Depreciação'!$A$1
Name AbaRemun: '6.Remuneração de capital'!$A$1

Sheet Resumo
A1: TABELA DE RESUMO
A3: Item | B3: Descrição | C3: Unidade | D3: Quant. | E3: Valor Unitário | F3: Valor Mensal
A4: 1 | B4: Coleta seletiva e transporte | C4: Mês | D4: 1 | E4: ='1. Coleta Seletiva'!F239 -> 21644.623 | F4: =D4*E4 -> 21644.623
A5: 2 | B5: Triagem e disposição final de material reciclável | C5: Ton. | D5: 40 | E5: 430 | F5: =D5*E5 -> 17200
A6: 3 | B6: Coleta, transporte e disposição final de resíduos volumosos | C6: M³ | D6: 60 | E6: 425.76 | F6: =D6*E6 -> 25545.6
A7: Valor total mensal estimado: | F7: =SUM(F4:F6) -> 64390.223
A8: Valor total anual estimado: | F8: =F7*12 -> 772682.68

Sheet 1. Coleta Seletiva
A2: Orçamento Estimado Município de Catanduvas/SC
A6: 1. Coleta Seletiva manual e mecanizada de resíduos sólidos urbanos (recicláveis) com características domiciliares, gerados em residências, estabelecimentos comerciais, industriais e de prestação de serviços públicos, dispostos em vias e logradouros públicos localizados dentro do perímetro urbano do município.
A9: Planilha de Composição de Custos
A10: Descrição do Item | E10: Custo (R$/mês) | F10: %
A11: =A45 -> 1. Mão-de-obra | E11: =+F91 -> 5707.613 | F11: =IFERROR(E11/$E$28,0) -> 0.26369658
A12: =A47 -> 1.1. Coletor Turno Dia | E12: =F58 -> 2968.8929 | F12: =IFERROR(E12/$E$28,0) -> 0.13716538
A13: =A61 -> 1.2. Motorista Turno do Dia | E13: =F74 -> 1731.0433 | F13: =IFERROR(E13/$E$28,0) -> 0.079975672
A14: =A77 -> 1.3. Vale Transporte | E14: =F83 -> 569.07692 | F14: =IFERROR(E14/$E$28,0) -> 0.026291838
A15: =A85 -> 1.4. Auxílio Alimentação (mensal) | E15: =F89 -> 438.6 | F15: =IFERROR(E15/$E$28,0) -> 0.020263693
A16: =A93 -> 2. Uniformes e Equipamentos de Proteção Individual | E16: =+F123 -> 75.088433 | F16: =IFERROR(E16/$E$28,0) -> 0.0034691495
A17: =A125 -> 3. Veículos e Equipamentos | E17: =+F202 -> 10319.223 | F17: =IFERROR(E17/$E$28,0) -> 0.47675687
A18: =A127 -> 3.1. Veículo Coletor Compactador 19 m³ | E18: =SUM(E19:E24) -> 10319.223 | F18: =IFERROR(E18/$E$28,0) -> 0.47675687
A19: =A129 -> 3.1.1. Depreciação | E19: =F143 -> 1747.2129 | F19: =IFERROR(E19/$E$28,0) -> 0.080722721
A20: =A145 -> 3.1.2. Remuneração do Capital | E20: =F159 -> 1890.2785 | F20: =IFERROR(E20/$E$28,0) -> 0.087332474
A21: =A161 -> 3.1.3. Impostos e Seguros | E21: =F167 -> 152.835 | F21: =IFERROR(E21/$E$28,0) -> 0.007061107
A22: =A169 -> 3.1.4. Consumos | E22: =F185 -> 4337.667 | F22: =IFERROR(E22/$E$28,0) -> 0.20040391
A23: =A187 -> 3.1.5. Manutenção | E23: =F190 -> 1387.4856 | F23: =IFERROR(E23/$E$28,0) -> 0.064103015
A24: =A192 -> 3.1.6. Pneus | E24: =F199 -> 803.74367 | F24: =IFERROR(E24/$E$28,0) -> 0.037133641
A25: =A204 -> 4. Ferramentas e Materiais de Consumo | E25: =F215 -> 113.62 | F25: =IFERROR(E25/$E$28,0) -> 0.0052493407
A26: =A217 -> 5. Monitoramento da Frota | E26: =+F226 -> 39.054167 | F26: =IFERROR(E26/$E$28,0) -> 0.0018043357
A27: =A230 -> 6. Benefícios e Despesas Indiretas - BDI | E27: =F236 -> 5390.0248 | F27: =IFERROR(E27/$E$28,0) -> 0.24902373
A28: PREÇO TOTAL MENSAL COM A COLETA | E28: =E11+E16+E17+E25+E26+E27 -> 21644.623 | F28: =F11+F16+F17+F25+F26+F27 -> 1
A31: Quantitativos
A32: Mão-de-obra | E32: Quantidade
A33: =A13 -> 1.2. Motorista Turno do Dia | E33: 1
A34: =A12 -> 1.1. Coletor Turno Dia | E34: 2
A35: Total de mão-de-obra (postos de trabalho) | E35: =SUM(E33:E34) -> 3
A37: Fator de utilização Mão de Obra (FU) | B37: 0.34
A40: Veículos e Equipamentos | E40: Quantidade
A41: =+A127 -> 3.1. Veículo Coletor Compactador 19 m³ | E41: 1
A43: Fator de utilização Veículo e Equipamento (FU) | B43: 0.25
A45: 1. Mão-de-obra
A47: 1.1. Coletor Turno Dia
A48: Discriminação | B48: Unidade | C48: Quantidade | D48: Custo unitário | E48: Subtotal | F48: Total (R$)
A49: Piso da categoria | B49: mês | C49: 1 | D49: 1730 | E49: =C49*D49 -> 1730
A50: Horas Extras (100%) | B50: hora | C50: 8 | D50: =D49/220*2 -> 15.727273 | E50: =C50*D50 -> 125.81818
A51: Horas Extras (50%) | B51: hora | C51: 1.5 | D51: =D49/220*1.5 -> 11.795455 | E51: =C51*D51 -> 17.693182
A52: Descanso Semanal Remunerado (DSR) - hora extra | B52: R$ | D52: =63/302*(SUM(E50:E51)) -> 29.937801 | E52: =D52 -> 29.937801
A53: Adicional de Insalubridade | B53: % | C53: 40 | D53: 1518 | E53: =C53*D53/100 -> 607.2
A54: Soma | E54: =SUM(E49:E53) -> 2510.6492
A55: Encargos Sociais | B55: % | C55: 73.9 | D55: =E54 -> 2510.6492 | E55: =D55*C55/100 -> 1855.3697
A56: Total por Coletor | E56: =E54+E55 -> 4366.0189
A57: Total do Efetivo | B57: homem | C57: =E34 -> 2 | D57: =E56 -> 4366.0189 | E57: =C57*D57 -> 8732.0378
D58: Fator de utilização | E58: =B37 -> 0.34 | F58: =E57*E58 -> 2968.8929
A61: 1.2. Motorista Turno do Dia
A62: Discriminação | B62: Unidade | C62: Quantidade | D62: Custo unitário | E62: Subtotal | F62: Total (R$)
A63: Piso da categoria (2) | B63: mês | C63: 1 | D63: 2385 | E63: =C63*D63 -> 2385
A64: Salário mínimo nacional (1) | B64: mês | C64: 1 | D64: 1518
A65: Horas Extras (100%) | B65: hora | C65: 8 | D65: =D63/220*2 -> 21.681818 | E65: =C65*D65 -> 173.45455
A66: Horas Extras (50%) | B66: hora | C66: 1.5 | D66: =D63/220*1.5 -> 16.261364 | E66: =C66*D66 -> 24.392045
A67: Descanso Semanal Remunerado (DSR) - hora extra | B67: R$ | D67: =63/302*(SUM(E65:E66)) -> 41.272633 | E67: =D67 -> 41.272633
A68: Base de cálculo da Insalubridade | C68: 2
A69: Adicional de Insalubridade | B69: % | C69: 20 | D69: 1518 | E69: =C69*D69/100 -> 303.6
A70: Soma | E70: =SUM(E63:E69) -> 2927.7192
A71: Encargos Sociais | B71: % | C71: 73.9 | D71: =E70 -> 2927.7192 | E71: =D71*C71/100 -> 2163.5845
A72: Total por Motorista | E72: =E70+E71 -> 5091.3037
A73: Total do Efetivo | B73: homem | C73: =E33 -> 1 | D73: =E72 -> 5091.3037 | E73: =C73*D73 -> 5091.3037
D74: Fator de utilização | E74: =B37 -> 0.34 | F74: =E73*E74 -> 1731.0433
A77: 1.3. Vale Transporte
A78: Discriminação | B78: Unidade | C78: Quantidade | D78: Custo unitário | E78: Subtotal | F78: Total (R$)
A79: Vale Transporte | B79: R$ | C79: 1 | D79: 6.2
A80: Dias Trabalhados por mês | B80: dia | C80: 24
A81: Coletor | B81: vale | C81: =$C$80*2*C57 -> 96 | D81: =IFERROR((($C$80*2*$D$79)-(E49*0.06*C80/26))/($C$80*2),"-") -> 4.2038462 | E81: =IFERROR(C81*D81,"-") -> 403.56923
A82: Motorista | B82: vale | C82: =$C$80*2*C73 -> 48 | D82: =IFERROR((($C$80*2*$D$79)-(E63*0.06*C80/26))/($C$80*2),"-") -> 3.4480769 | E82: =IFERROR(C82*D82,"-") -> 165.50769
F83: =SUM(E81:E82) -> 569.07692
A85: 1.4. Auxílio Alimentação (mensal)
A86: Discriminação | B86: Unidade | C86: Quantidade | D86: Custo unitário | E86: Subtotal | F86: Total (R$)
A87: =+A82 -> Motorista | B87: unidade | C87: =E33 -> 1 | D87: 430 | E87: =C87*D87 -> 430
A88: =+A83 -> 0 | B88: unidade | C88: =E34 -> 2 | D88: 430 | E88: =C88*D88 -> 860
D89: Fator de utilização | E89: =B37 -> 0.34 | F89: =SUM(E87:E88)*E89 -> 438.6
A91: Custo Mensal com Mão-de-obra (R$/mês) | F91: =F89+F83+F74+F58 -> 5707.613
A93: 2. Uniformes e Equipamentos de Proteção Individual
A95: 2.1. Uniformes e EPIs para Coletor
A97: Discriminação | B97: Unidade | C97: Durabilidade (meses) | D97: Custo unitário | E97: Subtotal | F97: Total (R$)
A98: Jaqueta com reflexivo (NBR 15.292) | B98: unidade | C98: 12 | D98: 89 | E98: =IFERROR(D98/C98,0) -> 7.4166667
A99: Calça | B99: unidade | C99: 6 | D99: 72.8 | E99: =IFERROR(D99/C99,0) -> 12.133333
A100: Camiseta | B100: unidade | C100: 6 | D100: 47.98 | E100: =IFERROR(D100/C100,0) -> 7.9966667
A101: Boné | B101: unidade | C101: 6 | D101: 15.11 | E101: =IFERROR(D101/C101,0) -> 2.5183333
A102: Tênis de segurança c/ palmilha aço | B102: par | C102: 6 | D102: 53.26 | E102: =IFERROR(D102/C102,0) -> 8.8766667
A103: Capa de chuva amarela com reflexivo | B103: unidade | C103: 6 | D103: 24.9 | E103: =IFERROR(D103/C103,0) -> 4.15
A104: Luva de proteção | B104: par | C104: 2 | D104: 10.69 | E104: =IFERROR(D104/C104,0) -> 5.345
A105: Protetor solar FPS 30 | B105: frasco 120g | C105: 2 | D105: 30.69 | E105: =IFERROR(D105/C105,0) -> 15.345
A106: Óculos de sol | B106: unidade | C106: 6 | D106: 5.9 | E106: =IFERROR(D106/C106,0) -> 0.98333333
A107: Total do Efetivo | B107: homem | C107: =C57 -> 2 | D107: =+SUM(E98:E106) -> 64.765 | E107: =C107*D107 -> 129.53
D108: Fator de utilização | E108: =B37 -> 0.34 | F108: =E107*E108 -> 44.0402
A110: 2.2. Uniformes e EPIs para demais categorias
A112: Discriminação | B112: Unidade | C112: Durabilidade (meses) | D112: Custo unitário | E112: Subtotal | F112: Total (R$)
A113: Jaqueta com reflexivo (NBR 15.292) | B113: unidade | C113: =C98 -> 12 | D113: =+D98 -> 89 | E113: =IFERROR(D113/C113,0) -> 7.4166667
A114: Calça | B114: unidade | C114: =C99 -> 6 | D114: =+D99 -> 72.8 | E114: =IFERROR(D114/C114,0) -> 12.133333
A115: Camiseta | B115: unidade | C115: =C100 -> 6 | D115: =+D100 -> 47.98 | E115: =IFERROR(D115/C115,0) -> 7.9966667
A116: =A102 -> Tênis de segurança c/ palmilha aço | B116: par | C116: =C102 -> 6 | D116: =+D102 -> 53.26 | E116: =IFERROR(D116/C116,0) -> 8.8766667
A117: Capa de chuva amarela com reflexivo | B117: unidade | C117: =C103 -> 6 | D117: =+D103 -> 24.9 | E117: =IFERROR(D117/C117,0) -> 4.15
A118: Protetor solar FPS 30 | B118: frasco 120g | C118: =C105 -> 2 | D118: =+D105 -> 30.69 | E118: =IFERROR(D118/C118,0) -> 15.345
A119: =A106 -> Óculos de sol | B119: =B106 -> unidade | C119: =C106 -> 6 | D119: =D106 -> 5.9 | E119: =C119*D119 -> 35.4
A120: Total do Efetivo | B120: homem | C120: =C73 -> 1 | D120: =+SUM(E113:E119) -> 91.318333 | E120: =C120*D120 -> 91.318333
D121: Fator de utilização | E121: =B37 -> 0.34 | F121: =E120*E121 -> 31.048233
A123: Custo Mensal com Uniformes e EPIs (R$/mês) | F123: =+F108+F121 -> 75.088433
A125: 3. Veículos e Equipamentos
A127: 3.1. Veículo Coletor Compactador 19 m³
A129: 3.1.1. Depreciação
...

Sheet 3. Coleta Volumosos
A2: Orçamento Estimado Município de Catanduvas/SC
A6: 1. Coleta manual e mecanizada de resíduos sólidos urbanos inservíveis classe IIA (volumosos) com características domiciliares, gerados em residências, estabelecimentos comerciais, industriais e de prestação de serviços públicos, dispostos em vias e logradouros públicos localizados dentro do perímetro urbano do município.
A9: Planilha de Composição de Custos
A10: Descrição do Item | E10: Custo (R$/mês) | F10: %
A11: =A46 -> 1. Mão-de-obra | E11: =+F92 -> 3138.345 | F11: =IFERROR(E11/$E$29,0) -> 0.12285374
A12: =A48 -> 1.1. Coletor Turno Dia | E12: =F59 -> 1484.4464 | F12: =IFERROR(E12/$E$29,0) -> 0.058110183
A13: =A62 -> 1.2. Motorista Turno do Dia | E13: =F75 -> 865.52163 | F13: =IFERROR(E13/$E$29,0) -> 0.033881735
A14: =A78 -> 1.3. Vale Transporte | E14: =F84 -> 569.07692 | F14: =IFERROR(E14/$E$29,0) -> 0.022277102
A15: =A86 -> 1.4. Auxílio Alimentação (mensal) | E15: =F90 -> 219.3 | F15: =IFERROR(E15/$E$29,0) -> 0.0085847241
A16: =A94 -> 2. Uniformes e Equipamentos de Proteção Individual | E16: =+F124 -> 37.544217 | F16: =IFERROR(E16/$E$29,0) -> 0.001469707
A17: =A126 -> 3. Veículos e Equipamentos | E17: =+F203 -> 6352.629 | F17: =IFERROR(E17/$E$29,0) -> 0.2486802
A18: =A128 -> 3.1. Veículo Coletor Compactador 19 m³ | E18: =SUM(E19:E24) -> 6352.629 | F18: =IFERROR(E18/$E$29,0) -> 0.2486802
A19: =A130 -> 3.1.1. Depreciação | E19: =F144 -> 1048.3277 | F19: =IFERROR(E19/$E$29,0) -> 0.041037867
A20: =A146 -> 3.1.2. Remuneração do Capital | E20: =F160 -> 1134.1671 | F20: =IFERROR(E20/$E$29,0) -> 0.044398138
A21: =A162 -> 3.1.3. Impostos e Seguros | E21: =F168 -> 91.701 | F21: =IFERROR(E21/$E$29,0) -> 0.00358973
A22: =A170 -> 3.1.4. Consumos | E22: =F186 -> 2742.9365 | F22: =IFERROR(E22/$E$29,0) -> 0.10737507
A23: =A188 -> 3.1.5. Manutenção | E23: =F191 -> 847.186 | F23: =IFERROR(E23/$E$29,0) -> 0.033163968
A24: =A193 -> 3.1.6. Pneus | E24: =F200 -> 488.31065 | F24: =IFERROR(E24/$E$29,0) -> 0.019115423
A25: =A205 -> 4. Ferramentas e Materiais de Consumo | E25: =F216 -> 113.62 | F25: =IFERROR(E25/$E$29,0) -> 0.0044477718
A26: =A218 -> 5. Monitoramento da Frota | E26: =+F227 -> 23.4325 | F26: =IFERROR(E26/$E$29,0) -> 0.00091728932
A27: =A229 -> 6. Tratamento e Destino Final de Resíduos Volumosos | E27: =F235 -> 9518.4 | F27: =IFERROR(E27/$E$29,0) -> 0.37260756
A28: =A240 -> 7. Benefícios e Despesas Indiretas - BDI | E28: =F246 -> 6361.4047 | F28: =IFERROR(E28/$E$29,0) -> 0.24902373
A29: PREÇO TOTAL MENSAL COM A COLETA | E29: =E11+E16+E17+E25+E26+E28+E27 -> 25545.375 | F29: =F11+F16+F17+F25+F26+F28+F27 -> 1
A32: Quantitativos
A33: Mão-de-obra | E33: Quantidade
A34: =A13 -> 1.2. Motorista Turno do Dia | E34: 1
A35: =A12 -> 1.1. Coletor Turno Dia | E35: 2
A36: Total de mão-de-obra (postos de trabalho) | E36: =SUM(E34:E35) -> 3
A38: Fator de utilização Mão de Obra (FU) | B38: 0.17
A41: Veículos e Equipamentos | E41: Quantidade
A42: =+A128 -> 3.1. Veículo Coletor Compactador 19 m³ | E42: 1
A44: Fator de utilização Veículo e Equipamento (FU) | B44: 0.15
A46: 1. Mão-de-obra
A48: 1.1. Coletor Turno Dia
A49: Discriminação | B49: Unidade | C49: Quantidade | D49: Custo unitário | E49: Subtotal | F49: Total (R$)
A50: Piso da categoria | B50: mês | C50: 1 | D50: 1730 | E50: =C50*D50 -> 1730
A51: Horas Extras (100%) | B51: hora | C51: 8 | D51: =D50/220*2 -> 15.727273 | E51: =C51*D51 -> 125.81818
A52: Horas Extras (50%) | B52: hora | C52: 1.5 | D52: =D50/220*1.5 -> 11.795455 | E52: =C52*D52 -> 17.693182
A53: Descanso Semanal Remunerado (DSR) - hora extra | B53: R$ | D53: =63/302*(SUM(E51:E52)) -> 29.937801 | E53: =D53 -> 29.937801
A54: Adicional de Insalubridade | B54: % | C54: 40 | D54: 1518 | E54: =C54*D54/100 -> 607.2
A55: Soma | E55: =SUM(E50:E54) -> 2510.6492
A56: Encargos Sociais | B56: % | C56: 73.9 | D56: =E55 -> 2510.6492 | E56: =D56*C56/100 -> 1855.3697
A57: Total por Coletor | E57: =E55+E56 -> 4366.0189
A58: Total do Efetivo | B58: homem | C58: =E35 -> 2 | D58: =E57 -> 4366.0189 | E58: =C58*D58 -> 8732.0378
D59: Fator de utilização | E59: =B38 -> 0.17 | F59: =E58*E59 -> 1484.4464
A62: 1.2. Motorista Turno do Dia
A63: Discriminação | B63: Unidade | C63: Quantidade | D63: Custo unitário | E63: Subtotal | F63: Total (R$)
A64: Piso da categoria (2) | B64: mês | C64: 1 | D64: 2385 | E64: =C64*D64 -> 2385
A65: Salário mínimo nacional (1) | B65: mês | C65: 1 | D65: 1518
A66: Horas Extras (100%) | B66: hora | C66: 8 | D66: =D64/220*2 -> 21.681818 | E66: =C66*D66 -> 173.45455
A67: Horas Extras (50%) | B67: hora | C67: 1.5 | D67: =D64/220*1.5 -> 16.261364 | E67: =C67*D67 -> 24.392045
A68: Descanso Semanal Remunerado (DSR) - hora extra | B68: R$ | D68: =63/302*(SUM(E66:E67)) -> 41.272633 | E68: =D68 -> 41.272633
A69: Base de cálculo da Insalubridade | C69: 2
A70: Adicional de Insalubridade | B70: % | C70: 20 | D70: 1518 | E70: =C70*D70/100 -> 303.6
A71: Soma | E71: =SUM(E64:E70) -> 2927.7192
A72: Encargos Sociais | B72: % | C72: 73.9 | D72: =E71 -> 2927.7192 | E72: =D72*C72/100 -> 2163.5845
A73: Total por Motorista | E73: =E71+E72 -> 5091.3037
A74: Total do Efetivo | B74: homem | C74: =E34 -> 1 | D74: =E73 -> 5091.3037 | E74: =C74*D74 -> 5091.3037
D75: Fator de utilização | E75: =B38 -> 0.17 | F75: =E74*E75 -> 865.52163
A78: 1.3. Vale Transporte
A79: Discriminação | B79: Unidade | C79: Quantidade | D79: Custo unitário | E79: Subtotal | F79: Total (R$)
A80: Vale Transporte | B80: R$ | C80: 1 | D80: 6.2
A81: Dias Trabalhados por mês | B81: dia | C81: 24
A82: Coletor | B82: vale | C82: =$C$81*2*C58 -> 96 | D82: =IFERROR((($C$81*2*$D$80)-(E50*0.06*C81/26))/($C$81*2),"-") -> 4.2038462 | E82: =IFERROR(C82*D82,"-") -> 403.56923
A83: Motorista | B83: vale | C83: =$C$81*2*C74 -> 48 | D83: =IFERROR((($C$81*2*$D$80)-(E64*0.06*C81/26))/($C$81*2),"-") -> 3.4480769 | E83: =IFERROR(C83*D83,"-") -> 165.50769
F84: =SUM(E82:E83) -> 569.07692
A86: 1.4. Auxílio Alimentação (mensal)
A87: Discriminação | B87: Unidade | C87: Quantidade | D87: Custo unitário | E87: Subtotal | F87: Total (R$)
A88: =+A83 -> Motorista | B88: unidade | C88: =E34 -> 1 | D88: 430 | E88: =C88*D88 -> 430
A89: =+A84 -> 0 | B89: unidade | C89: =E35 -> 2 | D89: 430 | E89: =C89*D89 -> 860
D90: Fator de utilização | E90: =B38 -> 0.17 | F90: =SUM(E88:E89)*E90 -> 219.3
A92: Custo Mensal com Mão-de-obra (R$/mês) | F92: =F90+F84+F75+F59 -> 3138.345
A94: 2. Uniformes e Equipamentos de Proteção Individual
A96: 2.1. Uniformes e EPIs para Coletor
A98: Discriminação | B98: Unidade | C98: Durabilidade (meses) | D98: Custo unitário | E98: Subtotal | F98: Total (R$)
A99: Jaqueta com reflexivo (NBR 15.292) | B99: unidade | C99: 12 | D99: 89 | E99: =IFERROR(D99/C99,0) -> 7.4166667
A100: Calça | B100: unidade | C100: 6 | D100: 72.8 | E100: =IFERROR(D100/C100,0) -> 12.133333
A101: Camiseta | B101: unidade | C101: 6 | D101: 47.98 | E101: =IFERROR(D101/C101,0) -> 7.9966667
A102: Boné | B102: unidade | C102: 6 | D102: 15.11 | E102: =IFERROR(D102/C102,0) -> 2.5183333
A103: Tênis de segurança c/ palmilha aço | B103: par | C103: 6 | D103: 53.26 | E103: =IFERROR(D103/C103,0) -> 8.8766667
A104: Capa de chuva amarela com reflexivo | B104: unidade | C104: 6 | D104: 24.9 | E104: =IFERROR(D104/C104,0) -> 4.15
A105: Luva de proteção | B105: par | C105: 2 | D105: 10.69 | E105: =IFERROR(D105/C105,0) -> 5.345
A106: Protetor solar FPS 30 | B106: frasco 120g | C106: 2 | D106: 30.69 | E106: =IFERROR(D106/C106,0) -> 15.345
A107: Óculos de sol | B107: unidade | C107: 6 | D107: 5.9 | E107: =IFERROR(D107/C107,0) -> 0.98333333
A108: Total do Efetivo | B108: homem | C108: =C58 -> 2 | D108: =+SUM(E99:E107) -> 64.765 | E108: =C108*D108 -> 129.53
D109: Fator de utilização | E109: =B38 -> 0.17 | F109: =E108*E109 -> 22.0201
A111: 2.2. Uniformes e EPIs para demais categorias
A113: Discriminação | B113: Unidade | C113: Durabilidade (meses) | D113: Custo unitário | E113: Subtotal | F113: Total (R$)
A114: Jaqueta com reflexivo (NBR 15.292) | B114: unidade | C114: =C99 -> 12 | D114: =+D99 -> 89 | E114: =IFERROR(D114/C114,0) -> 7.4166667
A115: Calça | B115: unidade | C115: =C100 -> 6 | D115: =+D100 -> 72.8 | E115: =IFERROR(D115/C115,0) -> 12.133333
A116: Camiseta | B116: unidade | C116: =C101 -> 6 | D116: =+D101 -> 47.98 | E116: =IFERROR(D116/C116,0) -> 7.9966667
A117: =A103 -> Tênis de segurança c/ palmilha aço | B117: par | C117: =C103 -> 6 | D117: =+D103 -> 53.26 | E117: =IFERROR(D117/C117,0) -> 8.8766667
A118: Capa de chuva amarela com reflexivo | B118: unidade | C118: =C104 -> 6 | D118: =+D104 -> 24.9 | E118: =IFERROR(D118/C118,0) -> 4.15
A119: Protetor solar FPS 30 | B119: frasco 120g | C119: =C106 -> 2 | D119: =+D106 -> 30.69 | E119: =IFERROR(D119/C119,0) -> 15.345
A120: =A107 -> Óculos de sol | B120: =B107 -> unidade | C120: =C107 -> 6 | D120: =D107 -> 5.9 | E120: =C120*D120 -> 35.4
A121: Total do Efetivo | B121: homem | C121: =C74 -> 1 | D121: =+SUM(E114:E120) -> 91.318333 | E121: =C121*D121 -> 91.318333
D122: Fator de utilização | E122: =B38 -> 0.17 | F122: =E121*E122 -> 15.524117
A124: Custo Mensal com Uniformes e EPIs (R$/mês) | F124: =+F109+F122 -> 37.544217
A126: 3. Veículos e Equipamentos
A128: 3.1. Veículo Coletor Compactador 19 m³
...

Sheet 2.Encargos Sociais
A1: Orientações para preenchimento:
A2: 1. Preencha previamente os dados de entrada na planilha 3.CAGED
A5: O orçamento deve ser realizado por responsável técnico habilitado e é de responsabilidade do seu autor.
A7: 2. Composição dos Encargos Sociais
A8: Código | B8: Descrição | C8: Valor
A9: A1 | B9: INSS | C9: 0.2
A10: A2 | B10: SESI | C10: 0.015
A11: A3 | B11: SENAI | C11: 0.012
A12: A4 | B12: INCRA | C12: 0.002
A13: A5 | B13: SEBRAE | C13: 0.006
A14: A6 | B14: Salário educação | C14: 0.025
A15: A7 | B15: Seguro contra acidentes de trabalho | C15: 0.03
A16: A8 | B16: FGTS | C16: 0.08
A17: A | B17: SOMA GRUPO A | C17: =SUM(C9:C16) -> 0.37
A19: B1 | B19: Férias gozadas | C19: 0.0833
A20: B2 | B20: 13º salário | C20: =ROUND('3.CAGED'!C32/'3.CAGED'!C29,4) -> 0.0833
A21: B3 | B21: Licença Paternidade | C21: 0.012
A22: B4 | B22: Faltas justificadas | C22: 0.0127
A23: B5 | B23: Auxilio acidente de trabalho | C23: 0.0045
A24: B | B24: SOMA GRUPO B | C24: =SUM(C19:C23) -> 0.1958
A26: C1 | B26: Aviso prévio indenizado | C26: 0.006
A27: C2 | B27: Férias indenizadas | C27: 0.0277
A28: C3 | B28: Férias indenizadas s/ aviso previo inden. | C28: 0.0217
A29: C4 | B29: Depósito rescisão sem justa causa | C29: 0.0307
A30: C5 | B30: Indenização adicional | C30: 0.0142
A31: C | B31: SOMA GRUPO C | C31: =SUM(C26:C30) -> 0.1003
A33: D1 | B33: Reincidência de Grupo A sobre Grupo B | C33: =ROUND(C17*C24,4) -> 0.0724
A34: D2 | B34: Reincidência de FGTS sobre aviso prévio indenizado | C34: =ROUND((C26*C16),4) -> 0.0005
A35: D | B35: SOMA GRUPO D | C35: =SUM(C33:C34) -> 0.0729
B36: SOMA (A+B+C+D) | C36: =C35+C31+C24+C17 -> 0.739

Sheet 3.CAGED
A1: CÁLCULO DAS VERBAS INDENIZATÓRIAS DOS EMPREGADOS NO SETOR DE COLETA DE RSU
A3: Tendo em vista que o CAGED foi descontinuado em janeiro de 2020, esta planilha foi atualizada até 31/12/2019.
A5: Preencha as células em amarelo
B7: 3. CAGED
B8: Coleta de Resíduos Não-Perigosos - CNAE 38114
B9: Admissões | C9: 2100
B10: Desligamentos | C10: 2031
B11: Dispensados com justa causa | C11: 44
B12: Dispensados sem justa causa | C12: 1192
B13: Espontâneos | C13: 372
B14: Fim de contrato por prazo determinado | C14: 22
B15: Término de contrato | C15: 350
B16: Aposentados | C16: 1
B17: Mortos | C17: 30
B18: Transferência de saída | C18: 0
B19: Acordo | C19: 0
B20: Indicadores
B21: Estoque recuperado início do Período 01-01-2019 | C21: 4625
B22: Estoque recuperado final do Período 31-12-2019 | C22: 4694
B23: Variação Emprego Absoluta de 01-01-2019 a 31-12-2019 | C23: =C9-C10 -> 69
B25: Estoque Médio | C25: =MEDIAN(C21,C22) -> 4659.5
B26: % Demitidos s/ Justa Causa em relação ao Estoque Médio | C26: =C12/C25 -> 0.25582144
B27: Taxa de Rotatividade | C27: =MEDIAN(C9,C10)/C25 -> 0.44328791
B28: Rotatividade temporal (meses) | C28: =12/C27 -> 27.070443
B29: Dias ano | C29: 360
B30: 1/3 de férias (dias) | C30: 10
B31: Férias (dias) | C31: 30
B32: 13º Salário (dias) | C32: 30
B33: Dias de Aviso prévio | C33: =30+(3*TRUNC(1/C27)) -> 36
B34: FGTS | C34: 0.08
B35: Multa FGTS | C35: 0.4 | D35: Ajustado, de acordo com a nova Lei Federal nº 13.932/2019

Sheet 4.BDI
A2: PROCESSO LICITATÓRIO Nº PREGÃO ELETRÔNICO Nº
A6: 1. Coleta Regular de Lixo Organico (Domiciliar e Comercial)
A7: MUNICÍPIO DE CATANDUVAS/SC
A9: Composição do BDI - Benefícios e Despesas Indiretas
D11: Referência estudo TCE
D12: 1° Quartil | E12: Médio | F12: 3° Quartil
A13: Administração Central | B13: AC | C13: 0.0627 | D13: 0.0297 | E13: 0.0508 | F13: 0.0627
A14: Seguros/Riscos/Garantias | B14: SRG | C14: 0.0171 | D14: =0.3%+0.56% -> 0.0086 | E14: =0.48%+0.85% -> 0.0133 | F14: =0.82%+0.89% -> 0.0171
A15: Lucro | B15: L | C15: 0.1355 | D15: 0.0778 | E15: 0.1085 | F15: 0.1355
A16: Despesas Financeiras | B16: DF | C16: =(1+E16)^(E17/252)-1 -> 0.013818446 | D16: i | E16: 0.155
A17: Tributos - ISS | B17: T | C17: 0.03 | D17: DU | E17: 24
A18: Tributos - PIS/COFINS | C18: 0.0365
A19: Fórmula para o cálculo do BDI:
A20: {[(1+AC+SRG) x (1+L) x (1+DF)] / (1-T)} -1
A21: Resultado do cálculo do BDI: | C21: =ROUND((((1+C13+C14)*(1+C15)*(1+C16))/(1-(C17+C18))-1),4) -> 0.3316 | D21: 0.2143 | E21: 0.2717 | F21: 0.3362

Sheet 5. Depreciação
A1: 5. Depreciação Referencial TCE/RS (%)
A2: Idade do veículo (ano) | B2: Depreciação Média
A3: 1 | B3: 33.63
A4: 2 | B4: 43.13
A5: 3 | B5: 48.68
A6: 4 | B6: 52.62
A7: 5 | B7: 55.68
A8: 6 | B8: 58.18
A9: 7 | B9: 60.29
A10: 8 | B10: 62.12
A11: 9 | B11: 63.73
A12: 10 | B12: 65.18
A13: 11 | B13: 66.48
A14: 12 | B14: 67.67
... A17: 15 | B17: 70.73

Sheet 6.Remuneração de capital
A1: 6. Remuneração de Capital
A3: Fórmula de cálculo da remuneração de capital:
A12: Jm = remuneração de capital mensal
A13: i = taxa de juros do mercado (sugere-se adotar a taxa SELIC)
A14: Im = investimento médio
A15: V0 = valor inicial do bem
A16: Vr = valor residual do bem
A17: n = vida útil do bem em anos

Sheet 7. Dimensionamento
A1: Orientações para preenchimento:
A2: 1. Esta planilha é somente um modelo de cálculo expedito e deve ser ajustada conforme cada caso concreto.
A3: 2. Dimensionar separadamente setores atendidos por veículos de capacidade de carga diferentes.
A4: 3. Preencher somente células em amarelo
A7: O orçamento deve ser realizado por responsável técnico habilitado e é de responsabilidade do seu autor.
A9: 7. Dimensionamento da frota
A11: Indicador | B11: Unid | C11: Valor
A12: População (H) | B12: hab | C12: 10566
A13: Geração per capita (G) | B13: Kg/hab.dia | C13: 0.631
A14: Geração total diária (Qd) | B14: ton/dia | C14: =C12*C13/1000 -> 6.667146
A15: Geração Mensal | B15: ton | C15: =(C14*30) -> 200.01438
A16: Número de dias de coleta por semana (Dc) | B16: dia | C16: 6
A17: Quantitativo diário de coleta (Qc) | B17: ton/dia | C17: =IFERROR(C14*7/C16,0) -> 7.778337
A18: Densidade RSU compactado | B18: Kg/m³ | C18: 500
A19: Tipo de Veículo (1 = toco, 2 = truck) | C19: 2
A20: Capacidade do Compactador | B20: m³ | C20: 19
A21: Capacidade nominal de carga (Cc) | B21: ton | C21: =IF(AND(C20>=15,C19=1),5.8,C20/2) -> 9.5
A22: Número de Cargas por dia (Nc) | C22: =IFERROR(C17/C21,0) -> 0.81877232
A23: Número total de percursos de coleta por veículo, por dia (Np) | C23: 1
A24: Número de veículos da Frota (F) | C24: =IFERROR(C22/C23,0) -> 0.81877232
